[Event "*** Biggest EVER Titled Tuesday"]
[Site "Chess.com"]
[Date "2018.04.17"]
[Round "6"]
[White "2165149677570"]
[Black "PawnEatingZombie"]
[Result "0-1"]
[WhiteElo "2118"]
[BlackElo "2022"]
[TimeControl "180+2"]
[EndTime "14:22:21 PDT"]
[Termination "PawnEatingZombie won by checkmate"]

1. e4 c5 2. Nf3 Nc6 3. Bb5 d6 4. O-O Bd7 5. Re1 Nf6 6. c3 a6 7.
Bc4 Bg4 8. d3 Ne5 9. Nxe5 dxe5 10. f3 Bc8 11. Be3 e6 12. a4 b6 13. Na3 Be7 14.
Nc2 O-O 15. b4 Bb7 16. Rb1 Qd7 17. a5 b5 18. Ba2 Rac8 19. d4 cxd4 20. cxd4 exd4 21.
Nxd4 Rfd8 22. Qe2 Rc3 23. Red1 Qc8 24. Rdc1 Bd6 25. Bd2 Rxc1+ 26. Rxc1 Qb8 27. Nc6 Bxc6 28. Rxc6 Bxh2+ 29. Kh1 Nh5 30. Be1 Ng3+ 31. Bxg3 Bxg3 32. Qc2 Qf4 33. Kg1 Qe3+ 34. Kh1 Qe1# 0-1

[Event "*** Biggest EVER Titled Tuesday"]
[Site "Chess.com"]
[Date "2018.04.17"]
[Round "6"]
[White "colemman"]
[Black "HarutyunianTigranK"]
[Result "1-0"]
[WhiteElo "2520"]
[BlackElo "2676"]
[TimeControl "180+2"]
[EndTime "14:22:23 PDT"]
[Termination "colemman won by resignation"]

1. d4 Nf6 2. Nf3 d5 3. Nbd2 Bf5 4. c3 e6 5. Qb3 Qc8 6. Nh4 Bg4 7. h3 Bh5 8. g4 Bg6 9. Bg2 Be7 10. Nxg6 hxg6 11. e4 dxe4 12. Nxe4 Nxe4 13. Bxe4 c6 14. Be3 Nd7 15.
O-O-O Qc7 16. Kb1 g5 17. Bg2 Nb6 18. c4 O-O-O 19. a4 Nd7 20. Rd2 Qb6 21. Qc2 Qb4 22. d5 Ne5 23. Rc1 Kb8 24. Bd4 Bf6 25. Bc3 Qe7 26. Bxe5+ Bxe5 27. Re1 Bf4 28. Rde2 cxd5 29. cxd5 Rc8 30. Qb3 e5 31. d6 Qd7 32. Re4 Qxd6 33. Rxf4 1-0

[Event "*** Biggest EVER Titled Tuesday"]
[Site "Chess.com"]
[Date "2018.04.17"]
[Round "6"]
[White "Jbd735"]
[Black "Kozok"]
[Result "1-0"]
[WhiteElo "2304"]
[BlackElo "2214"]
[TimeControl "180+2"]
[EndTime "14:22:26 PDT"]
[Termination "Jbd735 won by checkmate"]

1. e4 c5 2. Nf3 d6 3. d4 cxd4 4. Nxd4 Nf6 5. Nc3 a6 6. Bg5 e6 7. f4 Be7 8. Qf3 Nbd7 9. Bc4 O-O 10. O-O-O Nc5 11. e5 Ne8 12. h4 d5 13. Bd3 Nxd3+ 14. Rxd3 Qc7 15. f5 Bc5 16. Qf4 Bxd4 17. Qxd4 b5 18.
f6 Qc4 19. Qf2 b4 20. Ne2 Qxa2 21. Rhh3 Qa1+ 22. Kd2 Qxb2 23. fxg7 Nxg7 24. Bf6 Bd7 25. Qg3 Qxc2+ 26. Kxc2 Rfc8+ 27. Kb2 Rc2+ 28. Kxc2 Rc8+ 29. Kb2 Rc2+ 30. Kxc2 Ba4+ 31. Kb1 Bc2+ 32. Kxc2 b3+ 33. Kc1 b2+ 34. Kxb2 Kh8 35. Qxg7# 1-0

[Event "*** Biggest EVER Titled Tuesday"]
[Site "Chess.com"]
[Date "2018.04.17"]
[Round "6"]
[White "Margency"]
[Black "SabinoBrunello"]
[Result "1-0"]
[WhiteElo "2576"]
[BlackElo "2647"]
[TimeControl "180+2"]
[EndTime "14:22:29 PDT"]
[Termination "Margency won by resignation"]

1. e4 e5 2. Nf3 Nc6 3. Bc4 Bc5 4. d3 Nf6 5. O-O O-O 6. h3 d6 7. c3 Bb6 8. Bb3 h6 9. Re1 Re8 10. Nbd2 Na5 11. Bc2 c5 12. Nf1 Be6 13. Ng3 Nc6 14.
a3 d5 15. b4 dxe4 16. dxe4 Bc7 17. Qe2 c4 18. a4 a6 19. Be3 b5 20. Red1 Qc8 21.
Nh4 Ne7 22. Qf3 Nh7 23. Nhf5 f6 24. Nd6 Bxd6 25. Rxd6 Bf7 26. a5 Rd8 27. Rad1 Rxd6 28. Rxd6 Qc7 29. Qd1 Nf8 30. Bb6 Qb7 31. Qg4 Re8 32.
Rxf6 Neg6 33. Rd6 Ne6 34. Nh5 Qe7 35. Rd2 Rf8 36. Bd1 Be8 37. Qg3 Nef4 38. Bc5 1-0

[Event "*** Biggest EVER Titled Tuesday"]
[Site "Chess.com"]
[Date "2018.04.17"]
[Round "6"]
[White "BIG_Pirate"]
[Black "PrinceMurad09"]
[Result "0-1"]
[WhiteElo "2264"]
[BlackElo "2349"]
[TimeControl "180+2"]
[EndTime "14:22:31 PDT"]
[Termination "PrinceMurad09 won by checkmate"]

1. Nf3 Nf6 2. c4 b6 3. g3 Bb7 4. Bg2 g5 5. h3 h5 6. d4 g4 7.
hxg4 Nxg4 8. Nc3 Bg7 9. d5 Na6 10. Qc2 d6 11. b3 Qd7 12. Bb2 O-O-O 13. Nb5 Nb4 14. Qd2 Bxb2 15. Qxb2 a6 16. Nc3 Qf5 17. Rc1 a5 18. a3 Na6 19. b4 axb4 20. axb4 e5 21.
e4 Qg6 22. Nh4 Qf6 23. O-O Rhg8 24. Ra1 Rg5 25. Nf5 Rxf5 26. exf5 h4 27. Bh3 hxg3 28. Bxg4 Qh4 29. fxg3 Qxg4 30. Ne2 Rh8 31. Rf2 Qxc4 32. Rb1 Qxd5 33. Kf1 Qd3 34. Ke1 Rh1+ 35. Rf1 Rh2 36. Rd1 Qe3 37. Qd2 Qe4 38. Rc1 Nxb4 39. Qxd6 Qxe2# 0-1

[Event "*** Biggest EVER Titled Tuesday"]
[Site "Chess.com"]
[Date "2018.04.17"]
[Round "6"]
[White "GameOverBro"]
[Black "ChainsOfFantasia"]
[Result "1-0"]
[WhiteElo "2449"]
[BlackElo "2394"]
[TimeControl "180+2"]
[EndTime "14:22:32 PDT"]
[Termination "GameOverBro won by checkmate"]

1. e4 c6 2. Nc3 d5 3. Nf3 Nf6 4. e5 Ne4 5. Ne2 Qb6 6. d4 e6 7.
Ng3 c5 8. Bd3 Nxg3 9. hxg3 cxd4 10. Ng5 Nc6 11. Nxh7 Bd7 12. Nf6+ gxf6 13. Rxh8 O-O-O 14. Kf1 fxe5 15. Bg5 Be7 16. Rxd8+ Bxd8 17. Bxd8 Nxd8 18.
Rb1 e4 19. Be2 f5 20. Kg1 e5 21. Qd2 Ne6 22. Qh6 Qd6 23. b4 f4 24. gxf4 exf4 25. Bg4 Kc7 26. Qf6 Nd8 27. Qg7 Nc6 28.
b5 Ne5 29. Bxd7 Nxd7 30. Qxd4 b6 31. Re1 Qc5 32. Qd2 Qd6 33. a4 Nf6 34. c4 d4 35.
a5 e3 36. axb6+ axb6 37. Qd3 Ng4 38. Qh7+ Kd8 39. Qg8+ Ke7 40. Qxg4 Qe5 41. Qh4+ Kd6 42. Qh6+ Kc5 43. Qf8+ Kxc4 44. Rc1+ Kxb5 45. Rb1+ Kc4 46. Qf7+ Kd3 47. Qg6+ Kc3 48. Qc6+ Kd3 49. Rb3+ Kd2 50. Rb2+ Kd3 51. Qc2# 1-0

[Event "*** Biggest EVER Titled Tuesday"]
[Site "Chess.com"]
[Date "2018.04.17"]
[Round "6"]
[White "wadsy27"]
[Black "DrStephenStrange"]
[Result "1-0"]
[WhiteElo "2141"]
[BlackElo "1837"]
[TimeControl "180+2"]
[EndTime "14:22:32 PDT"]
[Termination "wadsy27 won by resignation"]

1. g3 d5 2. Nf3 Nf6 3. Bg2 c6 4. c4 e6 5. b3 Nbd7 6. O-O Bd6 7. Bb2 O-O 8. d4 Ne4 9. Ne5 f5 10. f3 Nef6 11. c5 Bc7 12. Nd3 Re8 13. f4 Ne4 14. Nd2 g5 15. Nxe4 dxe4 16. Ne5 g4 17. Nxd7 Bxd7 18.
e3 h5 19. h3 Kf7 20. hxg4 hxg4 21. d5 cxd5 22. Qd4 Rg8 23. Kf2 Kg6 24. Rh1 Qe7 25.
Rh4 e5 26. fxe5 Rh8 27. Rxh8 Rxh8 28. e6 Rh2 29. exd7 Bd8 30. Qxd5 Qh7 31. Qe6+ Kg5 32. Be5 Rxg2+ 33. Kxg2 Qh3+ 34. Kg1 1-0

[Event "*** Biggest EVER Titled Tuesday"]
[Site "Chess.com"]
[Date "2018.04.17"]
[Round "6"]
[White "robbykevlishvili"]
[Black "Kriari"]
[Result "1-0"]
[WhiteElo "2536"]
[BlackElo "2748"]
[TimeControl "180+2"]
[EndTime "14:22:38 PDT"]
[Termination "robbykevlishvili won by resignation"]

1. e4 e5 2. Nf3 Nc6 3. Bb5 Nf6 4. d3 Ne7 5. O-O c6 6. Ba4 Ng6 7. d4 d6 8. Re1 Be7 9. c4 Bg4 10. d5 Rc8 11. h3 Bd7 12. dxc6 bxc6 13. Nc3 O-O 14. b4 a6 15. Bb3 Nh5 16. Be3 Nhf4 17. Rc1 Kh8 18. Na4 Rb8 19. c5 dxc5 20. Nxc5 Bc8 21.
a3 Qc7 22. Qc2 f5 23. exf5 Bxf5 24. Qc3 Nxg2 25. Kxg2 e4 26. Nd4 Nh4+ 27. Kf1 Bxh3+ 28. Ke2 Rbd8 29. Be6 Bg2 30. Rg1 Bf6 31. Qc4 Qh2 32.
Nd7 Rxd7 33. Bxd7 Bg5 34. Qc5 Rxf2+ 35. Bxf2 Qf4 36. Rcd1 e3 37. Bxh4 1-0

[Event "*** Biggest EVER Titled Tuesday"]
[Site "Chess.com"]
[Date "2018.04.17"]
[Round "6"]
[White "mjray79"]
[Black "TST2014"]
[Result "0-1"]
[WhiteElo "1857"]
[BlackElo "2329"]
[TimeControl "180+2"]
[EndTime "14:22:45 PDT"]
[Termination "TST2014 won by checkmate"]

1. d4 Nf6 2. c4 e6 3. g3 d5 4.
Bg2 Bb4+ 5. Bd2 Bd6 6. cxd5 exd5 7. Nc3 c6 8. Nf3 O-O 9. O-O Re8 10. Bg5 Nbd7 11. Qc2 h6 12. Bd2 Ne4 13. Nxe4 Rxe4 14. Bc3 Re7 15. Rfd1 Nf6 16. Nh4 Ne4 17. Qd3 g5 18. Nf3 Bf5 19. Qe3 Nxg3 20. Qd2 Rxe2 21. Qc1 Rc2 22. Qe3 Ne2+ 23. Kf1 Bf4 24. Qxe2 Rxe2 25.
Kxe2 Qd7 26. Ne5 Re8 27. Kf1 Qe6 28. Re1 f6 29. Nf3 Qd7 30. Rxe8+ Qxe8 31. Re1 Qd7 32. Kg1 Be4 33. Nd2 Bxg2 34. Kxg2 Qg4+ 35. Kh1 Bxd2 36. Bxd2 Qxd4 37. Bc3 Qf4 38. Re7 Qxf2 39. h3 d4 40. Bb4 Qxb2 41. Rxb7 c5 42. Rb8+ Kg7 43. a3 a5 44. Rb7+ Kg6 45. Rb8 axb4 46. axb4 c4 47. b5 c3 48. b6 c2 49. b7 c1=Q# 0-1

[Event "*** Biggest EVER Titled Tuesday"]
[Site "Chess.com"]
[Date "2018.04.17"]
[Round "6"]
[White "Ginger_GM"]
[Black "Gr3egor"]
[Result "1-0"]
[WhiteElo "2454"]
[BlackElo "2331"]
[TimeControl "180+2"]
[EndTime "14:22:46 PDT"]
[Termination "Ginger_GM won by resignation"]

1. e4 e5 2. f4 Bc5 3. Nf3 d6 4. Nc3 Nc6 5. Bb5 Bg4 6. Bxc6+ bxc6 7. d3 Nf6 8. h3 Bxf3 9. Qxf3 h6 10. fxe5 dxe5 11.
Be3 Qe7 12. O-O O-O 13. Ne2 Nd7 14. Ng3 Bxe3+ 15. Qxe3 Qc5 16. Qxc5 Nxc5 17. Nf5 Rfe8 18.
Ne3 a5 19. a4 Ne6 20. Nf5 Rab8 21. b3 Kh7 22. Rf2 f6 23. h4 h5 24. g3 Rbd8 25. Kf1 Nd4 26. Nxd4 Rxd4 27. Ke2 c5 28. Rg1 Rb8 29. Ke3 Rb6 30. g4 hxg4 31. Rxg4 g6 32.
Rfg2 f5 33. Rg5 fxe4 34. dxe4 Rf6 35. h5 gxh5 36. Rxh5+ Rh6 37. Rxh6+ Kxh6 38. Rg8 c4 39. Rb8 cxb3 40. cxb3 Rd1 41. Rb5 Rb1 42. Kd3 c6 43. Rb6 Kg5 44. Kc2 Re1 45. Rxc6 Rxe4 46. Rc5 Kf4 47.
Rxa5 Re2+ 48. Kd3 Rh2 49. Ra8 e4+ 50. Kd4 Rd2+ 51. Kc3 Rd7 52. Rf8+ Ke3 53. b4 Rc7+ 54. Kb3 Kd2 55. Rd8+ Ke2 56. b5 e3 57. b6 Rh7 58.
a5 Kf2 59. Rf8+ Kg3 60. Re8 Kf2 61. a6 1-0

[Event "*** Biggest EVER Titled Tuesday"]
[Site "Chess.com"]
[Date "2018.04.17"]
[Round "6"]
[White "Dr-Bassem"]
[Black "TheCount"]
[Result "1-0"]
[WhiteElo "2711"]
[BlackElo "2542"]
[TimeControl "180+2"]
[EndTime "14:22:47 PDT"]
[Termination "Dr-Bassem won on time"]

1. e4 e5 2. Nf3 Nc6 3. Bb5 a6 4. Ba4 Nf6 5. Qe2 d6 6. O-O Bd7 7. c4 g6 8. d3 Bg7 9. Be3 O-O 10.
Nc3 Ng4 11. h3 Nxe3 12. fxe3 Ne7 13. Bxd7 Qxd7 14. Rad1 f5 15. d4 fxe4 16. Nxe4 exd4 17. exd4 Nf5 18. g4 Rae8 19. Qd3 Ne7 20. d5 h6 21. Nh4 g5 22. Nf3 Ng6 23. Nexg5 Rf6 24. Ne6 Nf4 25.
Nxf4 Rxf4 26. Nh4 Rfe4 27. Nf5 h5 28. gxh5 R8e5 29. Rd2 Kh8 30. Rg2 Bf8 31. Qg3 Qh7 32. Nh4 Rxh4 33. Rxf8+ 1-0

[Event "*** Biggest EVER Titled Tuesday"]
[Site "Chess.com"]
[Date "2018.04.17"]
[Round "6"]
[White "hilary444"]
[Black "fyall777"]
[Result "1-0"]
[WhiteElo "2520"]
[BlackElo "2364"]
[TimeControl "180+2"]
[EndTime "14:22:47 PDT"]
[Termination "hilary444 won on time"]

1. e4 c5 2. Nf3 e6 3. d4 cxd4 4. Nxd4 Nf6 5. Nc3 d6 6. g4 h6 7.
h4 Nc6 8. Rg1 g6 9. Be3 a6 10.
Be2 Bg7 11. Qd2 d5 12. exd5 Nxd5 13. Nxd5 Qxd5 14. Bf3 Qc4 15. b3 Nxd4 16. O-O-O Qxc2+ 17. Qxc2 Nxc2 18. Kxc2 O-O 19. Bb6 e5 20. a4 a5 21.
Rd5 Ra6 22. Bxa5 Rc6+ 23. Kb1 Re8 24. Be4 f5 25. gxf5 gxf5 26. Bd3 e4 27. Bc4 Be6 28.
Rd7 Bxc4 29. Rgxg7+ Kh8 30. Rh7+ Kg8 31. Rdg7+ Kf8 32.
Bb4+ 1-0

[Event "*** Biggest EVER Titled Tuesday"]
[Site "Chess.com"]
[Date "2018.04.17"]
[Round "6"]
[White "AvitalBor"]
[Black "ChessQueen"]
[Result "1-0"]
[WhiteElo "2594"]
[BlackElo "2608"]
[TimeControl "180+2"]
[EndTime "14:22:48 PDT"]
[Termination "AvitalBor won by resignation"]

1. Nf3 Nf6 2. c4 b6 3. Nc3 Bb7 4. g3 e6 5. Bg2 Be7 6. O-O O-O 7. Re1 d5 8. cxd5 exd5 9. d4 c5 10. Bf4 Na6 11. Rc1 Ne4 12. e3 Nxc3 13. bxc3 g5 14. Nxg5 Bxg5 15. Qg4 h6 16. h4 f5 17. Qh5 Bxf4 18.
exf4 Qf6 19. Re5 Nc7 20. Rce1 Rf7 21. Bh3 Bc8 22. Kh2 Bd7 23. Bg2 Kg7 24. dxc5 bxc5 25. c4 Rb8 26. cxd5 Rb2 27. R1e2 Rxe2 28. Qxe2 Nb5 29.
Qb2 Nd4 30. Qa3 Qb6 31. h5 Kf6 32. d6 Bc6 33. Qe3 Bxg2 34. Re6+ Kg7 35. Rg6+ Kf8 36. d7 Qd8 37. Qe8+ Qxe8 38. Rg8+ Kxg8 39. dxe8=Q+ Rf8 40. Qg6+ 1-0

[Event "*** Biggest EVER Titled Tuesday"]
[Site "Chess.com"]
[Date "2018.04.17"]
[Round "6"]
[White "Renegade_Hitman"]
[Black "BillForster"]
[Result "1-0"]
[WhiteElo "2065"]
[BlackElo "1613"]
[TimeControl "180+2"]
[EndTime "14:22:51 PDT"]
[Termination "Renegade_Hitman won on time"]

1. c4 c6 2. Nc3 d5 3. d4 Nf6 4.
Nf3 e6 5. Bg5 dxc4 6. a4 Bb4 7. e3 h6 8. Bxf6 Qxf6 9. Bxc4 O-O 10.
O-O Nd7 11. e4 Nb6 12. Bd3 c5 13. e5 Qe7 14. dxc5 Bxc5 15. Bc2 Rd8 16. Qe2 Nd7 17.
Ne4 Nf8 18. Rfd1 Bd7 19. Nd4 Bb4 20. Qg4 Kh8 21. Nf3 Rac8 22. Bd3 Bc6 23. h4 Ng6 24. h5 Nf8 25. Ng3 Ba5 26. Be4 Bxe4 27. Qxe4 Rc5 28. Rxd8 Qxd8 29. b4 Bxb4 30. Qxb4 Rc7 31. Rb1 Qd3 32.
Qxf8+ 1-0

[Event "*** Biggest EVER Titled Tuesday"]
[Site "Chess.com"]
[Date "2018.04.17"]
[Round "6"]
[White "Sanan_Sjugirov"]
[Black "JustKid"]
[Result "1-0"]
[WhiteElo "2835"]
[BlackElo "2475"]
[TimeControl "180+2"]
[EndTime "14:22:54 PDT"]
[Termination "Sanan_Sjugirov won by resignation"]

1. e4 c5 2. Nf3 g6 3. d4 cxd4 4. Nxd4 Nc6 5. c4 Nf6 6. Nc3 Nxd4 7. Qxd4 d6 8. Be2 Bg7 9. Be3 O-O 10. Qd2 a5 11. O-O a4 12. Rad1 Qa5 13. Bd4 Bd7 14.
Bxf6 Bxf6 15. Nd5 Kg7 16. Nxf6 Qxd2 17. Nh5+ gxh5 18. Rxd2 Ra5 19. Rfd1 Be6 20. h4 Rc8 21. Rd4 Rac5 22. b3 axb3 23. axb3 Bg4 24. f3 Be6 25. Ra1 R5c6 26. Rd2 Rb6 27. Bd1 Rb4 28. Ra7 Kf6 29. Kf2 b5 30. Rb7 Rc5 31. Ra2 Ke5 32. Ke3 f5 33. f4+ Kf6 34. exf5 Bxf5 35. Kd4 Bg4 36. Bc2 Bf5 37. Kc3 bxc4 38. Kxb4 1-0

[Event "*** Biggest EVER Titled Tuesday"]
[Site "Chess.com"]
[Date "2018.04.17"]
[Round "6"]
[White "WarlordX"]
[Black "Triumphmate"]
[Result "1-0"]
[WhiteElo "2290"]
[BlackElo "2164"]
[TimeControl "180+2"]
[EndTime "14:22:56 PDT"]
[Termination "WarlordX won by resignation"]

1. e4 d5 2. exd5 Nf6 3. d4 Bg4 4. Qd3 Qxd5 5. h3 Bf5 6. Qe3 Nc6 7. c3 O-O-O 8. Nf3 e5 9. c4 Bb4+ 10. Nc3 Qd6 11. d5 Bc5 12. Qg5 Ne7 13. Qxg7 e4 14. Ng5 Bg6 15. Nxf7 Bxf7 16. Qxf7 Rhf8 17. Qe6+ Qxe6 18. dxe6 Nf5 19. Be2 Nd4 20. Bd1 Nxe6 21.
O-O c6 22. Na4 Bd4 23. Be3 Rd7 24. Bb3 Rfd8 25. Rad1 c5 26. Nc3 Bxc3 27. bxc3 Rd3 28. Rxd3 Rxd3 29. Rc1 b6 30. Kf1 Nd7 31. Ke2 Ne5 32.
Bd2 Kc7 33. Bc2 Rd8 34. Bxe4 Nxc4 35. Bh6 Re8 36. f3 b5 37. Kf2 Ne5 38. Rd1 c4 39. Bxh7 Rh8 40. Bg7 Rxh7 41. Bxe5+ Kb7 42. Rd5 Nc5 43.
Rxc5 1-0

[Event "*** Biggest EVER Titled Tuesday"]
[Site "Chess.com"]
[Date "2018.04.17"]
[Round "6"]
[White "martinique24"]
[Black "lukas_111111"]
[Result "0-1"]
[WhiteElo "2310"]
[BlackElo "2498"]
[TimeControl "180+2"]
[EndTime "14:22:56 PDT"]
[Termination "lukas_111111 won by checkmate"]

1. e4 e5 2. Nf3 Nc6 3. Bb5 Nf6 4. d3 Bc5 5. c3 d5 6. exd5 Qxd5 7. Bc4 Qd6 8. O-O e4 9. dxe4 Qxd1 10. Rxd1 Nxe4 11.
Rf1 O-O 12. Nbd2 Bf5 13. Nxe4 Bxe4 14. Ng5 Bg6 15. Bf4 Bb6 16. Rfe1 Rfe8 17. b4 a6 18. h3 h6 19. Nf3 Be4 20. Nd2 Bf5 21. a4 g5 22. Bg3 Rxe1+ 23. Rxe1 Rd8 24. Nf3 a5 25. b5 Nb8 26. Ne5 Be6 27. Bxe6 fxe6 28. Nc4 Kf7 29. h4 gxh4 30. Bxh4 Rd5 31. Bg3 Nd7 32. Re4 Rd3 33. Ne5+ Nxe5 34. Bxe5 Kg6 35. Rc4 Rd1+ 36. Kh2 Bxf2 37. Rxc7 Rd5 38. Bd4 Rh5# 0-1

[Event "*** Biggest EVER Titled Tuesday"]
[Site "Chess.com"]
[Date "2018.04.17"]
[Round "6"]
[White "nurmiTV"]
[Black "AnonymousBread"]
[Result "1-0"]
[WhiteElo "2459"]
[BlackElo "2396"]
[TimeControl "180+2"]
[EndTime "14:23:03 PDT"]
[Termination "nurmiTV won by resignation"]

1. c4 Nf6 2. Nc3 g6 3. g3 Bg7 4. Bg2 O-O 5. e4 d6 6. Nge2 c5 7. O-O Nc6 8. h3 a6 9. d3 Rb8 10. a4 e6 11. Kh2 Qa5 12. Bd2 Qc7 13. Rb1 Rd8 14. Be3 Nb4 15. Rc1 b6 16. d4 Nd7 17.
d5 Ne5 18. b3 exd5 19. Nxd5 Nxd5 20. cxd5 b5 21. f4 Nd7 22. axb5 axb5 23. Nd4 Re8 24.
Nc6 Ra8 25. e5 Bb7 26. exd6 Qxd6 27. Bg1 Ra2 28. Rc2 Ra1 29. Rc1 Rxc1 30. Qxc1 Re2 31. Rf2 Re8 32. Qf1 Nb6 33. Qxb5 Qc7 34. Rc2 Bf8 35. Bxc5 Bxc5 36. Qxc5 Nd7 37. Ne7+ Rxe7 38. Qxc7 1-0

[Event "*** Biggest EVER Titled Tuesday"]
[Site "Chess.com"]
[Date "2018.04.17"]
[Round "6"]
[White "MikaelyanArman"]
[Black "DrRiebert"]
[Result "1-0"]
[WhiteElo "2596"]
[BlackElo "2558"]
[TimeControl "180+2"]
[EndTime "14:23:07 PDT"]
[Termination "MikaelyanArman won on time"]

1. Nf3 c5 2. g3 Nc6 3. Bg2 Nf6 4.
O-O g6 5. c4 e5 6. Nc3 Bg7 7. d3 O-O 8. Bg5 h6 9. Bxf6 Bxf6 10. Nd5 Bg7 11. Nd2 d6 12. Rb1 a5 13. a3 Be6 14. Qa4 Ra7 15. Nc3 Nd4 16.
e3 Bd7 17. Qd1 Nc6 18. Nb5 Ra6 19. Nxd6 Rb6 20. N2e4 Ne7 21. Nb5 Bxb5 22. cxb5 Rxb5 23. a4 Rb4 24. Nxc5 Nd5 25. Qf3 Nb6 26. Rfd1 Qe8 27.
b3 Nd7 28. Ne4 Qe6 29. Nd2 Nc5 30. Qd5 Qxd5 31. Bxd5 Rd8 32. Bc4 Kf8 33. Ne4 Nxe4 34. dxe4 Rxd1+ 35. Rxd1 Ke7 36. Rd5 b6 37. Kf1 Bf6 38. Ke2 Kf8 39. Rd7 Be7 40. Kd3 h5 41. h4 b5 42. axb5 f5 43. exf5 gxf5 44. Ra7 1-0

[Event "*** Biggest EVER Titled Tuesday"]
[Site "Chess.com"]
[Date "2018.04.17"]
[Round "6"]
[White "Cryptochess"]
[Black "maximlavrov"]
[Result "0-1"]
[WhiteElo "2407"]
[BlackElo "2476"]
[TimeControl "180+2"]
[EndTime "14:23:09 PDT"]
[Termination "maximlavrov won by resignation"]

1. e4 g6 2. d4 Bg7 3. Nc3 d6 4. h3 a6 5. a4 Nf6 6. g4 O-O 7.
Bg2 e5 8. Nge2 exd4 9. Nxd4 Nc6 10. Be3 Re8 11. O-O Bd7 12. Nde2 Rb8 13. a5 Re5 14. f4 Rxa5 15. Rb1 b5 16. b4 Ra3 17. Bc1 Rxc3 18. Nxc3 Nxg4 19. Nd5 Bd4+ 20. Kh1 Qh4 21. Qf3 Nf6 22. c3 Ba7 23. Be3 Bxe3 24. Nxe3 Re8 25. e5 Nh5 26. Nd5 dxe5 27. Rbe1 e4 28. Qf2 Qd8 29. Re3 Bxh3 30. Rxh3 Qxd5 31. f5 Ne5 32. Rxh5 gxh5 33. Qh4 Kh8 34. Qf6+ Kg8 35. Qg5+ Kf8 36. f6 Re6 37. Bh3 e3+ 38. Bg2 e2 39. Re1 Qd1 40. Qg3 Qxe1+ 41. Qxe1 Nd3 0-1

[Event "*** Biggest EVER Titled Tuesday"]
[Site "Chess.com"]
[Date "2018.04.17"]
[Round "6"]
[White "milovanratkovic"]
[Black "champ2005"]
[Result "0-1"]
[WhiteElo "2458"]
[BlackElo "2619"]
[TimeControl "180+2"]
[EndTime "14:23:11 PDT"]
[Termination "champ2005 won on time"]

1. d4 Nf6 2. Bg5 d5 3. e3 Bf5 4. Bd3 Bxd3 5. Qxd3 e6 6. Qb5+ Nbd7 7. Qxb7 Rb8 8. Qc6 Rxb2 9. Nf3 Bb4+ 10. c3 Bd6 11. Bxf6 gxf6 12. Nbd2 Rb6 13. Qa4 Qb8 14. O-O Ke7 15.
g3 Qb7 16. Rab1 Rb8 17. Rxb6 axb6 18. Qc2 f5 19. c4 dxc4 20. Qxc4 Ra8 21. Rc1 Nf6 22. Ne5 Qd5 23. Rc2 b5 24. Qxd5 Nxd5 25. Nd3 b4 26. Nc4 Ra4 27. Kf1 f6 28. Kg2 Kd7 29.
h4 Ra6 30. Kf3 Rc6 31. Ndb2 Nc3 32. Rd2 Nxa2 33. Na5 Ra6 34. Nbc4 Nc3 35. Rb2 Nd5 36. Nxd6 cxd6 37. Nc4 Rc6 38. Nd2 Rc1 39. e4 fxe4+ 40. Nxe4 Ke7 41. h5 Rc4 42. Ra2 f5 43. Ng5 h6 44. Ra7+ Rc7 45. Rxc7+ Nxc7 0-1

[Event "*** Biggest EVER Titled Tuesday"]
[Site "Chess.com"]
[Date "2018.04.17"]
[Round "6"]
[White "josephymwale33"]
[Black "r31415"]
[Result "1-0"]
[WhiteElo "2167"]
[BlackElo "2214"]
[TimeControl "180+2"]
[EndTime "14:23:12 PDT"]
[Termination "josephymwale33 won by checkmate"]

1. d4 e6 2. Nf3 Nf6 3. g3 b6 4. Bg2 Bb7 5. O-O Be7 6. c4 d6 7. Nc3 O-O 8. Qc2 c5 9. dxc5 bxc5 10. Rd1 Qb6 11. Bf4 Nbd7 12. Nb5 Ne4 13. Nd2 d5 14. Nxe4 e5 15. Bg5 f6 16. Bc1 a6 17. Nbc3 d4 18. Nd5 Bxd5 19. cxd5 Rac8 20. Qb3 Qa7 21. Bh3 f5 22.
Nd2 Kh8 23. Nc4 Rb8 24. Qc2 e4 25. Bf4 Rb4 26. Ne5 Nxe5 27. Bxe5 Qb7 28. b3 Qxd5 29. Bf4 g5 30. Bd2 Rb5 31. Bg2 Bf6 32. Rac1 Rc8 33.
Be1 Qe6 34. Bd2 h6 35. h3 Kg7 36. Kh2 h5 37. Kg1 h4 38. gxh4 gxh4 39. Kh1 Be7 40. Rg1 Kh8 41. Bf4 Bf6 42. Qd2 Rb7 43. e3 Rd7 44. Qe2 d3 45. Qd1 Qd5 46. f3 Qe6 47. fxe4 fxe4 48. Qh5+ Rh7 49. Qd1 Rg7 50. Rc4 Rcg8 51.
Bh2 Qb6 52. Rxe4 Qd8 53. Re6 Be7 54. Qh5+ Rh7 55. Be5+ Rg7 56. Rh6 Kg8 57. Bxg7 Qc7 58. Rxh7 Qg3 59. Rh8+ Kxg7 60. Qh6+ Kf7 61. Bd5# 1-0

[Event "*** Biggest EVER Titled Tuesday"]
[Site "Chess.com"]
[Date "2018.04.17"]
[Round "6"]
[White "TregubovP"]
[Black "nihalsarin"]
[Result "1/2-1/2"]
[WhiteElo "2579"]
[BlackElo "2737"]
[TimeControl "180+2"]
[EndTime "14:23:13 PDT"]
[Termination "Game drawn by repetition"]

1. d4 e6 2. c4 d5 3. Nc3 Nf6 4. cxd5 exd5 5. Bg5 Be7 6. e3 O-O 7. Bd3 c6 8. Qc2 Nbd7 9. Nf3 Re8 10. O-O Nf8 11.
h3 Ne4 12. Bf4 Nxc3 13. bxc3 Ng6 14. Bg3 Be6 15. c4 dxc4 16. Bxc4 Bd6 17. Bxd6 Qxd6 18.
Rab1 Re7 19. Rfc1 Rae8 20. a4 Bd5 21. Bxd5 Qxd5 22. Qc5 Qxc5 23. Rxc5 Nf8 24. a5 Ne6 25. Rc4 a6 26. Rcb4 Nd8 27. Ne1 Rc7 28. Nd3 f6 29. Kf1 Ree7 30. Ke2 Ne6 31. Kd2 Kf7 32. Rc4 Rcd7 33.
Nc5 Nxc5 34. Rxc5 g5 35. g4 Kg6 36. Kd3 h5 37. Rf1 hxg4 38. hxg4 Re5 39. Kc4 Rxc5+ 40. dxc5 f5 41. f3 Kf6 42. Rb1 fxg4 43.
fxg4 Ke5 44. Rf1 Ke4 45. Rf5 Kxe3 46. Rxg5 Rd4+ 47. Kc3 Rd5 48. Rh5 Rd3+ 49. Kc4 Rd4+ 50. Kb3 Rxg4 51. Rh7 Kd4 52. Rxb7 Kxc5 53. Rb6 Rg3+ 54.
Kb2 Rg2+ 55. Kb3 Rg3+ 56. Kb2 Rg2+ 57. Kb3 Rg3+ 1/2-1/2

[Event "*** Biggest EVER Titled Tuesday"]
[Site "Chess.com"]
[Date "2018.04.17"]
[Round "6"]
[White "Godzillator"]
[Black "nikitakhoroshev"]
[Result "0-1"]
[WhiteElo "2299"]
[BlackElo "2522"]
[TimeControl "180+2"]
[EndTime "14:23:14 PDT"]
[Termination "nikitakhoroshev won by resignation"]

1. d4 Nf6 2. c4 c5 3. d5 b5 4. cxb5 e6 5. dxe6 fxe6 6. Nc3 d5 7. e3 Bb7 8. Nf3 Bd6 9. Be2 O-O 10. h3 Qe7 11. a4 e5 12. O-O Nbd7 13. a5 e4 14. Ne1 Rae8 15. Ra4 Ba8 16. b6 axb6 17. Nb5 Be5 18.
axb6 Nxb6 19. Ra7 Qe6 20. Nc7 Bxc7 21. Rxc7 Nbd7 22. b4 Qb6 23. Rxc5 Nxc5 24. bxc5 Qxc5 25. Nc2 Rf7 26. Nd4 Bb7 27. Bb2 Qb6 28. Qb1 Ba6 29.
Bxa6 Qxa6 30. Nf5 Rb8 31. Qc1 Qe6 32. Nd4 Qb6 33. Bc3 Ra8 34. Qd2 Rc8 35. Rd1 Qb7 36. Ba1 Rfc7 37. Nf5 Rc2 38. Qd4 Rc1 39. Nd6 Qb3 40.
Rxc1 Rxc1+ 41. Kh2 Qb8 42. Qe5 Rxa1 0-1

[Event "*** Biggest EVER Titled Tuesday"]
[Site "Chess.com"]
[Date "2018.04.17"]
[Round "6"]
[White "Andreikka"]
[Black "Marcus_Harvey"]
[Result "1-0"]
[WhiteElo "2797"]
[BlackElo "2626"]
[TimeControl "180+2"]
[EndTime "14:23:14 PDT"]
[Termination "Andreikka won by checkmate"]

1. d4 e6 2. Nf3 f5 3. Bf4 Nf6 4. h3 c5 5. e3 Nc6 6. Nbd2 a6 7. c3 b5 8. g4 Nd5 9. Bh2 g6 10.
gxf5 exf5 11. dxc5 Bb7 12. Be2 Qf6 13. Nb3 Qf7 14.
Ne5 Nxe5 15. Bxe5 Rg8 16. Bf3 O-O-O 17. Qd2 Re8 18. Na5 Rxe5 19. Nxb7 f4 20. O-O fxe3 21. fxe3 Qe6 22. Rad1 Nxe3 23. Rf2 Nxd1 24. Bxd1 Bxc5 25. Nxc5 Rxc5 26. Bb3 Rc4 27. Bxc4 bxc4 28. Qd4 Re8 29.
Kg2 Qc6+ 30. Kh2 Re1 31. Kg3 Rg1+ 32. Kf4 Qc7+ 33. Ke3 Qg3+ 34. Ke2 Qd3+ 35. Qxd3 cxd3+ 36. Kxd3 Rg3+ 37. Kd4 Rxh3 38. a4 Rh4+ 39. Kc5 Rxa4 40. Kb6 Rc4 41. Rf8# 1-0